 Dungeon Crawl Stone Soup version 0.28-a0-828-g0121872642 (webtiles) character file.

Game seed: 6502220817160142003

337 croobank the Scratcher (level 6, -4/28 HPs)
             Began as a Felid Abyssal Knight on Nov 11, 2021.
             Was a Believer of Lugonu.
             Slain by Duvessa (12 damage)
             ... on level 5 of the Dungeon.
             The game lasted 00:39:13 (8131 turns).

croobank the Scratcher (Felid Abyssal Knight)       Turns: 8131, Time: 00:39:14

Health: -4/28      AC:  2    Str: 11    XL:     6   Next: 28%
Magic:  0/8        EV: 19    Int: 12    God:    Lugonu [**....]
Gold:   238        SH:  0    Dex: 16    Spells: 5/5 levels left
                                        Lives:  0   Deaths: 2

rFire   . . .      SeeInvis +     - Unarmed
rCold   . . .      Faith    .   (shield unavailable)
rNeg    . . .      Spirit   +   (armour unavailable)
rPois   +          Reflect  .   (helmet unavailable)
rElec   .          Harm     .   (cloak unavailable)
rCorr   .          Rampage  .   (gloves unavailable)
Will    .....                   (boots unavailable)
Stlth   +++.......              i - amulet of guardian spirit
HPRegen 0.09/turn               g - ring of poison resistance
MPRegen 0.11/turn               (no ring)

@: brilliant, quick
A: very small, claws 1, fangs 3, see invisible, speed 1, shaggy fur 2, stealthy
paws, no weapons or thrown items, no armour, multi-lived
a: Renounce Religion, Depart the Abyss, Bend Space


You were on level 5 of the Dungeon.
You worshipped Lugonu.
Lugonu was pleased with you.
You visited 2 branches of the dungeon, and saw 7 of its levels.
You visited the Abyss 1 time.

You collected 238 gold pieces.

Inventory:

Jewellery
 g - a ring of poison resistance (left paw)
 i - an amulet of guardian spirit (around neck)
Scrolls
 c - a scroll of vulnerability
Potions
 e - a potion of cancellation {unknown}
 f - a potion of attraction {unknown}
 h - 2 potions of magic


   Skills:
 + Level 3.7 Fighting
 + Level 5.5 Dodging
 + Level 5.5 Stealth
 + Level 6.1 Unarmed Combat
 + Level 1.9 Invocations


You had 5 spell levels left.
You didn't know any spells.
Your spell library was empty.

Dungeon Overview and Level Annotations

Branches:
Dungeon (6/15)             Temple (1/1) D:5

Altars:
Ashenzari
Cheibriados
Fedhas
Gozag
Hepliaklqana
Kikubaaqudgha
Makhleb
Nemelex Xobeh
Okawaru
Qazlal
Ru
Sif Muna
Trog
Uskayaw
Vehumet
Wu Jian
Xom
Yredelemnul

Annotations:
D:3 2 transporters, AlleluiaPinecone's ghost, amateur HOFi
D:4 3 runed translucent doors, tinescath's ghost, weakling FeTm
D:5 Duvessa


Innate Abilities, Weirdness & Mutations

You have sharp claws.
You have razor-sharp teeth.
You have supernaturally acute eyesight. (SInv)
You cover ground quickly. (Speed+)
You are covered in thick fur. (AC +2)
Your paws help you pounce on unaware monsters.
You are incapable of wielding weapons or throwing items.
You cannot wear armour.
You gain extra lives every three experience levels.


Message History

Things that are here:
a +0 dagger; a +0 robe; the elf corpse of Dowan Duvessa hits you with a +0 short sword.
Duvessa rages.
Duvessa rages.
Duvessa rages.
Duvessa hits you with a +0 short sword!
You die...
You are now level 6!
You rejoin the land of the living...
You hear a shout!
You hear a shout!
You hear a shout!
You hear a shout!
You hear a shout!
You hear a shout!
There is an open door here.
You hear a shout!
Duvessa is nearby!
You hear a shout!
Found a stone staircase leading down.
You scratch Duvessa but do no damage. You claw Duvessa.
Your bite misses Duvessa.
Duvessa is lightly wounded.
Duvessa hits you with a +0 short sword!
You scratch Duvessa but do no damage. You bite Duvessa, but do no damage.
Duvessa is lightly wounded.
Duvessa hits you with a +0 short sword!
As you read the scroll labelled IWNOTO WOUKU, it crumbles to dust.
The scroll dissolves into smoke.
It was a scroll of fog.
Duvessa barely misses you. x2
Duvessa closely misses you.
Okay, then.
It was a potion of brilliance.
You feel clever all of a sudden. Duvessa hits you with a +0 short sword!
* * * LOW HITPOINT WARNING * * *
Duvessa rages.
Duvessa hits you with a +0 short sword!
You die...

........##.#.#...#..Z....
######.#######........#....#.#+#
.....# .......§.#.##.#.##Z#...
####.# ##§§.#.........)..# #(#
#§§#....##.#.#.#..# #.#
.####§§#§##....#.#.#.# ####.#
#....§§§§§............# .....#
#....§.§Ze..#..####.#.# ######
#......§.@....## #.#.# .#
#.######'#..### #.#.# .# #
#.#..# #.#.. .#
..#..#######'###### .#
.................... .#
......>...........### .#
...................'.. .# .....#
.............### .# ...........#


You could see Duvessa (berserk) and a centaur skeleton.

Vanquished Creatures
  A necrophage (D:5)
  2 bullfrogs (D:4)
  A scorpion (D:4)
  Dowan (D:5)
  A jelly (D:4)
  A centaur zombie (D:5)
  2 bullfrog skeletons (D:4)
  2 orc priests
  Jessica (D:2)
  2 iguanas
  An orc wizard (D:2)
  A hound zombie (D:3)
  3 adders
  A worm (D:2)
  3 dart slugs
  12 orcs
  5 bats
  5 endoplasms
  6 goblins
  4 hobgoblins
  3 jackals (D:1)
  A quokka (D:1)
  6 ball pythons
  10 frilled lizards
  7 kobolds
  5 rats
87 creatures vanquished.

Notes
Turn   | Place    | Note
-------+----------+-------------------------------------------
     0 | Abyss:1  | croobank the Felid Abyssal Knight began the quest for the
                  | Orb.
     0 | Abyss:1  | Reached XP level 1. HP: 10/10 MP: 3/3
    61 | D:1      | Escaped the Abyss
   422 | D:1      | Reached XP level 2. HP: 14/14 MP: 4/4
   873 | D:1      | Reached skill level 1 in Stealth
   991 | D:1      | Reached XP level 3. HP: 16/17 MP: 5/5
  1025 | D:1      | Reached ** piety under Lugonu
  1133 | D:1      | Found a faded altar of an unknown god.
  1844 | D:2      | Reached skill level 3 in Unarmed Combat
  2166 | D:2      | Reached XP level 4. HP: 13/21 MP: 6/6
  2785 | D:2      | Noticed Jessica
  2993 | D:2      | Killed Jessica
  3849 | D:2      | Reached XP level 5. HP: 5/24 MP: 7/7
  4188 | D:2      | Reached skill level 4 in Unarmed Combat
  4223 | D:3      | HP: 1/24 [poisoned by an adder]
  4224 | D:3      | Succumbed to an adder's poison
  4225 | D:3      | Reached XP level 4. HP: -1/21 MP: 6/6
  4228 | D:3      | Found a transporter.
  4248 | D:3      | Found a transporter.
  4251 | D:3      | Noticed AlleluiaPinecone's ghost (amateur HOFi)
  4253 | D:3      | Noticed a phantom
  4961 | D:4      | Found a runed translucent gate.
  4961 | D:4      | Found a runed translucent gate.
  4961 | D:4      | Found a runed translucent gate.
  4967 | D:4      | Noticed tinescath's ghost (weakling FeTm)
  5118 | D:4      | Reached XP level 5. HP: 14/24 MP: 7/7
  5756 | D:4      | Gained mutation: You are covered in thick fur. (AC +2)
                  | [Felid growth]
  5756 | D:4      | Reached XP level 6. HP: 28/28 MP: 8/8
  5857 | D:4      | Reached skill level 5 in Unarmed Combat
  6138 | D:4      | Reached skill level 5 in Dodging
  6489 | D:5      | Entered Level 5 of the Dungeon
  6652 | D:5      | Reached skill level 5 in Stealth
  6962 | D:5      | Found a staircase to the Ecumenical Temple.
  6968 | D:5      | Noticed Dowan
  6969 | Temple   | Entered the Ecumenical Temple
  7314 | D:5      | Reached XP level 7. HP: 14/31 MP: 4/9
  7598 | D:5      | Noticed Duvessa
  8067 | D:5      | Killed Dowan
  8068 | D:5      | Reached skill level 6 in Unarmed Combat
  8074 | D:5      | Slain by Duvessa
  8075 | D:5      | Reached XP level 6. HP: -1/28 MP: 0/8
  8131 | D:5      | Slain by Duvessa

Illustrated notes

Levels and vault maps discovered:
D:1:      dpeg_arrival_erosion, layout_loops_ring,
          dreamdust_ecumenical_altar_angels_and_demons, serial_rivers,
          chequers_serial_rivers_micro_a, chequers_serial_rivers_room_a,
          chequers_serial_rivers_small_a, chequers_serial_rivers_room_a
D:2:      layout_loops_ring, roderic_lattice_a, minmay_lizard_pond, uniq_jessica
D:3:      layout_loops_ring, gammafunk_ghost_mausoleum, serial_bayou_lagoon_b
D:4:      layout_gridville, gammafunk_ghost_necromancy
D:5:      layout_basic, minmay_temple_entry_ruins, uniq_duvessa
D:6:      layout_basic, mainiacjoe_overflow_catwalk, uniq_maggie
Temple:   regret_index_temple_mists

Skill      XL: |  1  2  3  4  5  6  7 |
---------------+----------------------+-----
Stealth        | 1 2 4 5 |  5.5
Unarmed Combat | 3 4 5 6 |  6.1
Dodging        | 4 5 |  5.5
Fighting       | |  3.7
Invocations    | |  1.9

Action                   |  1- 3 |  4- 6 |  7- 9 || total
-------------------------+-------+-------+-------++-------
Melee: Unarmed           |   106 |   156 |    30 ||   292
       Bite              |    15 |    15 |     6 ||    36
       Punch             |       |     5 |       ||     5
Invok: Bend Space        |       |       |     1 ||     1
  Use: Potion            |     1 |     3 |     1 ||     5
       Scroll            |       |     7 |       ||     7
 Stab: Sleeping          |     4 |    10 |       ||    14
       Distracted        |       |     1 |       ||     1
Armor: Skin              |     6 |     4 |     6 ||    16
Dodge: Dodged            |    84 |   136 |    36 ||   256

Table legend: (Time is in decaauts)
 A = Elapsed time spent in this place.
 B = Non-inter-level travel time spent in this place.
 C = Inter-level travel time spent in this place.
 D = Time resting spent in this place.
 E = Time spent auto-exploring this place.
 F = Levels seen in this place.
 G = Mean time per level.
                   A        B        C        D        E       F      G
               +--------+--------+--------+--------+--------+-----+--------+
         Total |   7439 |   7329 |    110 |   3515 |   2589 |   8 |  929.9 |
       Dungeon |   6776 |   6686 |     90 |   3088 |   2401 |   6 | 1129.3 |
        Temple |    614 |    595 |     19 |    427 |    144 |   1 |  614.0 |
         Abyss |     49 |     49 |      0 |      0 |     43 |   1 |   49.0 |
               +--------+--------+--------+--------+--------+-----+--------+

Top non-repeatable levels by time:
     D:2: 1902 daAuts
     D:1: 1855 daAuts
     D:4: 1411 daAuts
     D:5: 736 daAuts
     D:3: 666 daAuts
  Temple: 614 daAuts
     D:6: 204 daAuts
 Abyss:1: 49 daAuts
